 Dungeon Crawl Stone Soup version 0.31-a0-231-g51bb95cda3 (webtiles) character file.

Game seed: 13704473911573439885

109 qw the Shooter (level 4, -4/36 HPs)
             Began as a Minotaur Hexslinger on July 6, 2023.
             Killed from afar by an orc wizard (6 damage)
             ... with a magic dart
             ... on level 3 of the Dungeon.
             The game lasted 00:00:48 (1735 turns).

qw the Shooter (Minotaur Hexslinger)                Turns: 1735, Time: 00:00:49

Health: -4/36      AC:  6    Str: 11 (13) XL:     4   Next: 60%
Magic:  4/4        EV: 10    Int:  8 (10) God:
Gold:   167        SH:  0    Dex: 13 (14) Spells: 4/5 levels left

rFire   . . .        Y - +1 sling
rCold   . . .        (no shield)
rNeg    . . .        i - +0 ring mail
rPois   .            (helmet restricted)
rElec   .            (no cloak)
rCorr   .            a - +0 pair of gloves
SInv    .            (no boots)
Will    .....        (no amulet) Stlth
                     (no ring)
HPRegen 0.26/turn    (no ring)
MPRegen 0.09/turn

%: no passive effects
@: confused
A: horns 2, retaliatory headbutt
a: no special abilities


You were on level 3 of the Dungeon.
You visited 1 branch of the dungeon, and saw 3 of its levels.

You collected 167 gold pieces.


Innate Abilities, Weirdness & Mutations

You have a pair of horns on your head.
You reflexively headbutt those who attack you in melee.


   Skills:
 + Level 2.0 Fighting
 - Level 5.0 Ranged Weapons
 - Level 1.1 Armour
 - Level 2.1 Dodging
 - Level 1.0 Spellcasting
 - Level 2.0 Hexes


You had 4 spell levels left.
You knew the following spells:

 Your Spells              Type           Power      Damage    Failure   Level
a - Slow                  Hex            12%        N/A       38%         1

Your spell library contained the following spells:

 Spells                   Type           Power      Damage    Failure   Level
 Inner Flame              Hex/Fire       2%         N/A       88%         3
 Portal Projectile        Hex/Tloc       4%         N/A       88%         3
 Cause Fear               Hex            1%         N/A       99%         4

Inventory:

Hand Weapons
 Y - a +1 sling (weapon)
Armour
 a - a +0 pair of gloves (worn)
 i - a +0 ring mail (worn)
Scrolls
 e - 4 scrolls of teleportation
 f - a scroll of identify
Potions
 c - a potion of might
 h - a potion of heal wounds {unknown}

Dungeon Overview and Level Annotations

Branches:
Dungeon (3/15)

Altars:


Message History

You hear the slow rusting of a distant drain.
An orc wizard appears from thin air!
Reactivating autopickup.
The orc barely misses you. The orc closely misses you.
You shoot a sling bullet.
The sling bullet completely misses the orc.
The orc closely misses you. You furiously retaliate!
You headbutt the orc!
You kill the orc!
The orc hits you with a +0 hand axe. The orc hits you but does no damage.
The orc wizard barely misses you.
You shoot a sling bullet.
The sling bullet closely misses the orc wizard.
The orc wizard gestures at you while chanting.
You are confused.
The orc hits you with a +0 hand axe. The orc wizard casts a spell at you.
You are more confused.
The orc closely misses you. The orc wizard casts a spell at you.
The magic dart hits you! The orc closely misses you.
The orc wizard gestures at you while chanting.
You resist with some effort. The orc hits you but does no damage.
The orc wizard casts a spell at you.
You are more confused.
The orc barely misses you. The orc wizard casts a spell at you.
The magic dart hits you. The orc completely misses you.
The orc wizard hits you but does no damage.
The orc barely misses you. The orc wizard barely misses you.
The orc hits you but does no damage. The orc wizard barely misses you.
The orc hits you but does no damage.
The orc wizard hits you but does no damage.
The orc closely misses you. The orc wizard barely misses you.
The orc barely misses you.
The orc wizard hits you but does no damage.
The orc closely misses you. The orc wizard barely misses you.
The orc hits you with a +0 hand axe. The orc wizard casts a spell at you.
The magic dart hits you.
You die...

## #.......# ..
#.....#.# # #.
#.....#.# #.##.
#.....#.#
#....##.##..#.###
#...........#.#.##
#.####...........#
#.....####.##
#.....# #@#
#....%####ooo.....
##
#.......###.#####.
.# ......##.#.# .#
.# ####>##..#.# .#
.# #.##.##.# .#
<#### #.#...#.# .#
....# #.......# ..
.##.# ###...###


You could see an orc wizard and 2 orcs.

Vanquished Creatures
  An orc wizard (D:3)
  2 adders (D:2)
  A worm (D:2)
  3 dart slugs
  4 orcs (D:3)
  4 endoplasms
  3 giant cockroaches
  6 goblins
  3 hobgoblins
  3 jackals (D:2)
  5 kobolds
  5 ball pythons
  2 bats
  4 frilled lizards
  10 rats
  A spectral hobgoblin (D:2)
57 creatures vanquished.

Notes
Turn   | Place    | Note
-------+----------+-------------------------------------------
     0 | D:1      | qw the Minotaur Hexslinger began the quest for the Orb.
     0 | D:1      | Reached XP level 1. HP: 16/16 MP: 1/1
     0 | D:1      | 0 ||| qw: Version: 0.3-a-46-gb1f654a
     0 | D:1      | 0 ||| qw: Game counter: 1921
     0 | D:1      | 0 ||| qw: Melee chars always use a shield: true
     0 | D:1      | 0 ||| qw: God list: Okawaru
     0 | D:1      | 0 ||| qw: Allow faded altars: false
     0 | D:1      | 0 ||| qw: Do Orc after clearing Dungeon:15 true
     0 | D:1      | 0 ||| qw: Do second Lair branch before Depths: true
     0 | D:1      | 0 ||| qw: Lair rune preference: random
     0 | D:1      | 0 ||| qw: Goals: Normal
     0 | D:1      | 0 ||| PLANNING D:1-11
   131 | D:1      | Reached skill level 3 in Ranged Weapons
   139 | D:1      | Reached XP level 2. HP: 21/23 MP: 2/2
   707 | D:1      | 707 ||| UPGRADING to +0 ring mail.
   717 | D:1      | 717 ||| DROPPING +0 robe.
   718 | D:1      | 718 ||| READING scroll labelled FUYNLE JERUF.
   719 | D:1      | 719 ||| READING 4 scrolls labelled NOASOU ARAMU.
   724 | D:1      | 724 ||| READING 2 scrolls labelled YLACWO DUCIEH.
   725 | D:1      | 725 ||| READING scroll labelled NEUSIA LEAGGA.
   726 | D:1      | 726 ||| DROPPING scroll of poison.
   856 | D:2      | Found a faded altar of an unknown god.
   931 | D:2      | 931 ||| Stepping ~*~*~tactically~*~*~ (outnumbered).
   944 | D:2      | Reached XP level 3. HP: 14/29 MP: 3/3
  1200 | D:2      | Reached skill level 4 in Ranged Weapons
  1211 | D:2      | Reached skill level 1 in Armour
  1567 | D:2      | 1567 ||| UPGRADING to +0 pair of gloves.
  1572 | D:2      | 1572 ||| DRINKING 2 cyan potions.
  1573 | D:2      | 1573 ||| READING 2 scrolls of identify.
  1573 | D:2      | 1573 ||| IDENTIFYING metallic pink potion
  1574 | D:2      | 1574 ||| DROPPING potion of degeneration.
  1588 | D:3      | 1588 ||| PLANNING SEWER
  1596 | D:3      | Reached XP level 4. HP: 32/36 MP: 4/4
  1697 | D:3      | 1697 ||| Stepping ~*~*~tactically~*~*~ (outnumbered).
  1720 | D:3      | Reached skill level 5 in Ranged Weapons
  1724 | D:3      | HP: 7/36 [orc wizard/magic dart (9)]
  1727 | D:3      | HP: 2/36 [orc wizard/magic dart (6)]
  1734 | D:3      | HP: 2/36 [orc/+0 hand axe (2)]
  1735 | D:3      | Killed from afar by an orc wizard

Levels and vault maps discovered:
D:1:      dpeg_arrival_morbid_curiosity, layout_basic, minmay_rat_gold_closets
D:2:      layout_loops_ring, dreamdust_ecumenical_altar_drowned_temple,
          kennysheep_generic_room_12
D:3:      layout_loops_cross, portal_sewer_entry_f, uniq_jessica, uniq_natasha,
          uniq_grinder

Skill      XL: |  1  2  3  4 |
---------------+-------------+-----
Ranged Weapons | 3 4 5 |  5.0
Fighting       | 2 |  2.0
Armour         | 1 |  1.1
Dodging        | |  2.1
Spellcasting   | |  1.0
Hexes          | |  2.0

Action                     |  1- 3 |  4- 6 || total
---------------------------+-------+-------++-------
   Fire: Sling             |   140 |    50 ||   190
    Use: Scroll            |     5 |       ||     5
         Potion            |     1 |       ||     1
 Armour: Robe              |     5 |       ||     5
         Ring mail         |    22 |    21 ||    43
  Dodge: Dodged            |    50 |    36 ||    86

Table legend:
 A = Non-vault XP
 B = Vault XP
 C = Vault XP percentage of total XP
 D = Non-vault monster count
 E = Vault monster count
 F = Vault count percentage of total count
                 A         B        C        D         E       F
            +---------+---------+-------+---------+---------+-------
      Total |     137 |      20 |  12.7 |      43 |      14 |  24.6
            +---------+---------+-------+---------+---------+-------
        D:1 |      16 |      17 |  51.5 |       9 |      12 |  57.1
        D:2 |      59 |       3 |   4.8 |      20 |       2 |   9.1
        D:3 |      62 |       0 |   0.0 |      14 |       0 |   0.0
            +---------+---------+-------+---------+---------+-------
